 Dungeon Crawl Stone Soup version 0.29-a0-187-ga23d9638d5 (webtiles) character file.

Game seed: 15766662675571768448

831 Crownlay the Chiller (level 7, -6/51 HPs)
             Began as a Gnoll Ice Elementalist on Feb 21, 2022.
             Mangled by a shadow (22 damage)
             ... on level 5 of the Dungeon.
             The game lasted 00:05:39 (4841 turns).

Crownlay the Chiller (Gnoll Ice Elementalist)       Turns: 4841, Time: 00:05:40

Health: -6/51      AC: 10    Str:  8    XL:     7   Next: 98%
Magic:  1/24       EV: 13    Int: 16    God:
Gold:   212        SH:  0    Dex: 12    Spells: 8/17 levels left

rFire   . . .      SeeInvis .   e - staff of cold
rCold   + + .      Faith    .   (no shield)
rNeg    . . .      Spirit   .   a - +0 robe
rPois   .          Reflect  .   (no helmet)
rElec   .          Harm     .   (no cloak)
rCorr   .          Rampage  .   (no gloves)
Will    .....                   (no boots)
Stlth   +++.......              (no amulet)
HPRegen 0.17/turn               b - ring of protection from cold
MPRegen 0.19/turn               j - ring of magical power

@: ice-armoured, freezing walls
A: fangs 1, strong nose, distributed training, deterioration 1, evolution 1
a: no special abilities


You were on level 5 of the Dungeon.
You visited 1 branch of the dungeon, and saw 5 of its levels.

You collected 212 gold pieces.

Inventory:

Armour
 a - a +0 robe (worn)
Magical Staves
 e - a staff of cold (weapon)
Jewellery
 b - a ring of protection from cold (left hand)
 j - a ring of magical power (right hand)
Wands
 l - a wand of charming (10)
 n - a wand of acid (12)
Scrolls
 d - a scroll of fog {unknown}
 f - a scroll of identify
 h - 3 scrolls of immolation
 i - 3 scrolls of blinking
 p - a scroll of magic mapping {unknown}
 q - a scroll of amnesia {unknown}
 r - a scroll of torment {unknown}
Potions
 c - a potion of mutation
 g - a potion of flight {unknown}
 k - 2 potions of curing
 m - a potion of might {unknown}
 o - a potion of lignification {unknown}


   Skills:
 + Level 2.8 Fighting
 + Level 2.8 Short Blades
 + Level 2.8 Long Blades
 + Level 2.8 Axes
 + Level 2.8 Maces & Flails
 + Level 2.8 Polearms
 + Level 2.8 Staves
 + Level 2.8 Slings
 + Level 2.8 Bows
 + Level 2.8 Crossbows
 + Level 2.8 Throwing
 + Level 2.8 Armour
 + Level 5.4 Dodging
 + Level 5.1 Stealth
 + Level 2.8 Shields
 + Level 2.8 Unarmed Combat
 + Level 5.8 Spellcasting
 + Level 2.3 Conjurations
 + Level 2.3 Hexes
 + Level 2.3 Summonings
 + Level 2.3 Necromancy
 + Level 2.3 Translocations
 + Level 2.3 Transmutations
 + Level 2.3 Fire Magic
 + Level 7.5 Ice Magic
 + Level 2.3 Air Magic
 + Level 2.3 Earth Magic
 + Level 2.3 Poison Magic
 + Level 3.1 Invocations
 + Level 2.8 Evocations


You had 8 spell levels left.
You knew the following spells:

 Your Spells              Type           Power      Damage    Failure   Level
a - Freeze                Ice            100%       1d11      1%          1
b - Frozen Ramparts       Ice            86%        1d10      1%          3
c - Ozocubu's Armour      Ice            43%        N/A       1%          3
d - Searing Ray           Conj           24%        2d5       9%          2

Your spell library contained the following spells:

 Spells                   Type           Power      Damage    Failure   Level
 Ensorcelled Hibernation  Hex/Ice        60%        N/A       2%          2
 Animate Skeleton         Necr           24%        N/A       5%          1
 Apportation              Tloc           24%        N/A       5%          1
 Magic Dart               Conj           48%        1d5       5%          1
 Summon Small Mammal      Summ           48%        N/A       5%          1
 Passwall                 Tmut/Erth      10%        N/A       9%          2
 Call Canine Familiar     Summ           12%        N/A       16%         3
 Portal Projectile        Hex/Tloc       24%        N/A       16%         3
 Swiftness                Air            12%        N/A       16%         3
 Hailstorm                Conj/Ice       30%        3d8       19%         4
 Ice Form                 Ice/Tmut       30%        N/A       19%         4
 Summon Ice Beast         Ice/Summ       30%        N/A       19%         4
 Fulminant Prism          Conj/Hex       6%         3d7       47%         4
 Leda's Liquefaction      Hex/Erth       6%         N/A       47%         4


Dungeon Overview and Level Annotations

Branches:
Dungeon (5/15)
 Temple: D:4-7

Altars:
Hepliaklqana
Ru

Shops:
D:4 *

Annotations:
D:3 2 transporters, bmj180's ghost, novice GrEE


Innate Abilities, Weirdness & Mutations

You have very sharp teeth.
Your uncanny sense of smell can sniff out nearby items.
Your experience applies equally to all skills.
Your body sometimes deteriorates upon taking damage.
You have hidden genetic potential.


Message History

The frozen ramparts melt away.
The water moccasin skeleton bites you. The shadow hits you.
* * * LOW HITPOINT WARNING * * *
You closely miss the shadow.
The shadow is lightly damaged.
The water moccasin skeleton bites you but does no damage.
The shadow hits you.
Casting: Ozocubu's Armour (safe; 1% risk of failure)
Confirm with . or Enter, or press ? or * to list all spells.
Casting: Frozen Ramparts (safe; 1% risk of failure)
Press: ? - help, Dir - look around, f - activate A stone staircase leading up.
You feel a surge of power!
The walls around you are covered in ice.
The water moccasin skeleton resists.
The wall freezes the water moccasin skeleton.
The water moccasin skeleton bites you.
* * * LOW HITPOINT WARNING * * *
The shadow completely resists.
The wall freezes the shadow but does no damage.
The shadow closely misses you.
The water moccasin skeleton resists.
The wall freezes the water moccasin skeleton.
The water moccasin skeleton bites you but does no damage.
It was a potion of curing.
You feel better.
The shadow completely resists.
The wall freezes the shadow but does no damage.
The shadow slips into darkness.
The shadow flickers and vanishes!
Deactivating autopickup; reactivate with Ctrl-A.
The water moccasin skeleton completely resists.
The wall freezes the water moccasin skeleton but does no damage.
The water moccasin skeleton bites you.
It was a potion of mutation.
You feel extremely strange.
You feel a hidden potential growing inside you.
You feel yourself wasting away.
The water moccasin skeleton resists.
The wall freezes the water moccasin skeleton.
The water moccasin skeleton misses you.
The wall freezes something but does no damage.
The shadow strikes at you from the darkness!
You die...

### ∆ . ..# #. #.# ..
#.# ###.####.#
......)..####
#....>.@{.# #####..#Z†.#
#########..+)...#
#..........#......#
#######..#.###.##.######
.........#.# #.# ..
.######..#.# #.# #.
.....##..#.# #+# .
.###.##..#.#


You could see a water moccasin skeleton.

Vanquished Creatures
  A necrophage (D:3)
  A centaur (D:3)
  An ogre (D:5)
  A kobold brigand (D:3)
  A scorpion (D:4)
  A water moccasin skeleton (D:5)
  2 hounds
  A jelly (D:5)
  Ijyb (D:4)
  2 iguanas
  4 orc wizards
  5 adders
  An adder skeleton (D:4)
  An adder zombie (D:3)
  A worm (D:3)
  A dart slug (D:4)
  9 orcs
  4 ball pythons
  4 bats
  5 endoplasms
  3 giant cockroaches
  11 goblins
  7 hobgoblins
  2 jackals (D:1)
  15 kobolds
  3 quokkas
  2 frilled lizards
  3 rats
93 creatures vanquished.

Notes
Turn   | Place    | Note
-------+----------+-------------------------------------------
     0 | D:1      | Crownlay the Gnoll Ice Elementalist began the quest for the
                  | Orb.
     0 | D:1      | Reached XP level 1. HP: 13/13 MP: 6/6
   168 | D:1      | Found a faded altar of an unknown god.
   227 | D:1      | Reached XP level 2. HP: 9/19 MP: 1/7
   984 | D:1      | Reached XP level 3. HP: 21/25 MP: 9/9
  1105 | D:2      | Reached skill level 5 in Spellcasting
  1115 | D:2      | Learned a level 3 spell: Frozen Ramparts
  1119 | D:2      | Learned a level 3 spell: Ozocubu's Armour
  1258 | D:2      | Reached skill level 1 in Invocations
  1348 | D:2      | Reached skill level 1 in Fighting
  1348 | D:2      | Reached skill level 1 in Short Blades
  1348 | D:2      | Reached skill level 1 in Long Blades
  1348 | D:2      | Reached skill level 1 in Axes
  1348 | D:2      | Reached skill level 1 in Maces & Flails
  1348 | D:2      | Reached skill level 1 in Polearms
  1348 | D:2      | Reached skill level 1 in Staves
  1348 | D:2      | Reached skill level 1 in Slings
  1348 | D:2      | Reached skill level 1 in Bows
  1348 | D:2      | Reached skill level 1 in Crossbows
  1348 | D:2      | Reached skill level 1 in Throwing
  1348 | D:2      | Reached skill level 1 in Armour
  1348 | D:2      | Reached skill level 1 in Shields
  1348 | D:2      | Reached skill level 1 in Unarmed Combat
  1348 | D:2      | Reached skill level 1 in Evocations
  1597 | D:2      | Reached XP level 4. HP: 17/32 MP: 9/11
  2294 | D:3      | Noticed a necrophage
  2310 | D:3      | Killed a necrophage
  2311 | D:3      | Reached skill level 1 in Conjurations
  2311 | D:3      | Reached skill level 1 in Hexes
  2311 | D:3      | Reached skill level 1 in Summonings
  2311 | D:3      | Reached skill level 1 in Necromancy
  2311 | D:3      | Reached skill level 1 in Translocations
  2311 | D:3      | Reached skill level 1 in Transmutations
  2311 | D:3      | Reached skill level 1 in Fire Magic
  2311 | D:3      | Reached skill level 1 in Air Magic
  2311 | D:3      | Reached skill level 1 in Earth Magic
  2311 | D:3      | Reached skill level 1 in Poison Magic
  2311 | D:3      | Reached XP level 5. HP: 21/37 MP: 4/12
  2452 | D:3      | Found a transporter.
  2454 | D:3      | Noticed bmj180's ghost (novice GrEE)
  2455 | D:3      | Found a transporter.
  2972 | D:3      | Learned a level 2 spell: Searing Ray
  3042 | D:3      | Found a sacrificial altar of Ru.
  3146 | D:3      | Noticed a centaur
  3154 | D:3      | Killed a centaur
  3155 | D:3      | Reached XP level 6. HP: 44/44 MP: 3/14
  3432 | D:3      | Found a faded altar of an unknown god.
  3433 | D:3      | Found a hazy altar of Hepliaklqana.
  3441 | D:3      | Reached skill level 5 in Dodging
  3755 | D:4      | Reached XP level 7. HP: 50/50 MP: 15/15
  3796 | D:4      | Found Okoxuulu's Elemental Accessories.
  3799 | D:4      | Noticed Ijyb
  3811 | D:4      | Killed Ijyb
  4639 | D:5      | Entered Level 5 of the Dungeon
  4645 | D:5      | Reached skill level 5 in Stealth
  4820 | D:5      | Noticed a shadow
  4841 | D:5      | Gained mutation: You have hidden genetic potential. [potion
                  | of mutation]
  4841 | D:5      | Gained mutation: Your body sometimes deteriorates upon
                  | taking damage. [potion of mutation]
  4841 | D:5      | Mangled by a shadow

Illustrated notes

Levels and vault maps discovered:
D:1:      lemuel_arrival_muddy, layout_loops_ring,
          ebering_ecumenical_altar_abandoned, chequers_serial_rivers_small_a,
          minmay_unequal
D:2:      layout_loops_ring, minmay_pentomino_q2
D:3:      layout_loops_ring, nicolae_ru_sacrificial_ziggurat,
          beargit_hepliaklqana_dungeon_heroes, gammafunk_ghost_mausoleum
D:4:      layout_loops_ring, nicolae_elemental_shop, uniq_ijyb
D:5:      layout_basic, minmay_temple_entry_stoned_glass,
          hangedman_abyss_or_decor_lesser_grid, ebering_dispersal_statue_hall,
          amcnicky_mini_pool_medium

Skill      XL: |  1  2  3  4  5  6  7 |
---------------+----------------------+-----
Spellcasting   | 5 |  5.8
Invocations    | 1 2 3 |  3.1
Fighting       | 1 2 |  2.8
Short Blades   | 1 2 |  2.8
Long Blades    | 1 2 |  2.8
Axes           | 1 2 |  2.8
Maces & Flails | 1 2 |  2.8
Polearms       | 1 2 |  2.8
Staves         | 1 2 |  2.8
Slings         | 1 2 |  2.8
Bows           | 1 2 |  2.8
Crossbows      | 1 2 |  2.8
Throwing       | 1 2 |  2.8
Armour         | 1 2 |  2.8
Shields        | 1 2 |  2.8
Unarmed Combat | 1 2 |  2.8
Evocations     | 1 2 |  2.8
Conjurations   | 1 2 |  2.3
Hexes          | 1 2 |  2.3
Summonings     | 1 2 |  2.3
Necromancy     | 1 2 |  2.3
Translocations | 1 2 |  2.3
Transmutations | 1 2 |  2.3
Fire Magic     | 1 2 |  2.3
Air Magic      | 1 2 |  2.3
Earth Magic    | 1 2 |  2.3
Poison Magic   | 1 2 |  2.3
Dodging        | 5 |  5.4
Stealth        | 5 |  5.1
Ice Magic      | |  7.5

Action                   |  1- 3 |  4- 6 |  7- 9 || total
-------------------------+-------+-------+-------++-------
Melee: Dagger            |    30 |       |       ||    30
       Whip              |     4 |       |       ||     4
       Bite              |     5 |     8 |     5 ||    18
       Staff             |    14 |    40 |    29 ||    83
       Punch             |       |     1 |       ||     1
 Cast: Freeze            |    28 |    21 |     2 ||    51
       Frozen Ramparts   |       |    10 |     9 ||    19
       Ozocubu's Armour  |       |     8 |     7 ||    15
       Searing Ray       |       |     1 |     4 ||     5
  Use: Scroll            |       |       |     2 ||     2
       Potion            |       |       |     2 ||     2
 Stab: Sleeping          |       |       |     1 ||     1
Armor: Robe              |     9 |    20 |    21 ||    50
Dodge: Dodged            |    47 |    53 |    39 ||   139

Table legend: (Time is in decaauts)
 A = Elapsed time spent in this place.
 B = Non-inter-level travel time spent in this place.
 C = Inter-level travel time spent in this place.
 D = Time resting spent in this place.
 E = Time spent auto-exploring this place.
 F = Levels seen in this place.
 G = Mean time per level.
                   A        B        C        D        E       F      G
               +--------+--------+--------+--------+--------+-----+--------+
         Total |   4850 |   4781 |     69 |      0 |   4155 |   5 |  970.0 |
       Dungeon |   4850 |   4781 |     69 |      0 |   4155 |   5 |  970.0 |
               +--------+--------+--------+--------+--------+-----+--------+

Top non-repeatable levels by time:
     D:3: 1414 daAuts
     D:2: 1132 daAuts
     D:1: 1099 daAuts
     D:4: 1002 daAuts
     D:5: 202 daAuts
